Beryl, chaotic male elven Priest --- --.--- |....-- ----|-....>| --- |..--......| |... - |<.......-----... .---.| --.......[....... ....[.. -----.--------- ..h.... |..[| ..@f.. ---...- --.... |...... --.. -)-... . ....... ..... ... Beryl the Acolyte Experience level: 5 Strength: 13 Dexterity: 13 Constitution: 14 Intelligence: 8 Wisdom: 19 Charisma: 9 Health: 0(36) Energy: 58(58) Def: 8 Gold: 395 Moves: 1542 Dungeon seed: lD-NSXYC_jGiNVUM Game ID: Beryl_1614042820 Your Inventory: Coins $ - 395 gold pieces Amulets w - an amulet of reflection Weapons a - a blessed +1 mace (weapon in hand) B - a blessed +1 dwarvish mattock I - a +0 dagger Armor e - a +0 robe (being worn) n - a +0 small shield q - a +0 orcish helm (being worn) y - a +0 pair of gauntlets of fumbling z - a +1 shield of reflection (being worn) C - a +0 pair of iron shoes (being worn) Y - a +0 orcish helm Comestibles c - a clove of garlic d - a sprig of wolfsbane i - a tripe ration p - a pancake v - 2 food rations Scrolls o - a scroll of scare monster Spellbooks f - a spellbook of remove curse g - a spellbook of healing Potions b - 4 potions of holy water k - a potion of gain energy Wands G - a wand of striking (0:6) Tools h - a tooled horn u - a credit card x - 4 partly used tallow candles (lit) (0:81) A - 11 tallow candles (0:200) F - 6 wax candles (0:400) Gems r - 2 worthless pieces of yellowish brown glass D - a jasper stone H - a worthless piece of green glass N - 2 worthless pieces of yellow glass Spells and supernatural/magical abilities: Name Level Category Fail Memory h - healing 1 healing 57% 93% r - remove curse 3 clerical 9% 93% W - pray for help -- divine ? -- X - turn undead -- divine ? -- Your skills at the end: Fighting Skills Weapon Skills mace [Basic] Spellcasting Skills clerical spells [Basic] Final Attributes: You were devoutly aligned. You were sleep resistant. You were telepathic. You had infravision. You had reflection. You are dead. Vanquished creatures: a small mimic a gnome lord a floating eye 2 dwarves an iguana 2 giant rats 9 gnomes 3 geckos 2 jackals a fox 2 kobolds 2 goblins 3 sewer rats 2 grid bugs 2 lichens 5 newts 39 creatures vanquished. Voluntary challenges: You used a wielded weapon 45 times, starting on turn 27. You read items or engraved 1 time, starting on turn 1507. You never genocided any monsters. You never polymorphed an object. You never changed form. You used no wishes. You never split a pudding. You never wrote Elbereth's name. You violated your moral code, losing 1 point of alignment, starting on turn 1536. Dungeon overview: The Dungeons of Doom: levels 1 to 4 Level 1 a fountain a long staircase Level 2 an armor shop Level 3 Level 4 a sink stairs to The Gnomish Mines The Gnomish Mines: Level 5 <- You were here stairs to The Dungeons of Doom History has recorded: On T:1 you entered the Dungeons of Doom to retrieve the Amulet of Yendor! On T:210 you reached level 2 of The Dungeons of Doom. On T:532 you advanced to experience level 2. On T:638 you advanced to experience level 3. On T:793 you reached level 3 of The Dungeons of Doom. On T:1079 you reached level 4 of The Dungeons of Doom. On T:1179 you advanced to experience level 4. On T:1414 you reached level 1 of The Gnomish Mines. On T:1488 you advanced to experience level 5. Score breakdown: Gold: 395 ( 8836 points) Experience: 5 levels (11141 points) Exploration: 5 levels ( 10.64%) ( 8846 points) Discoveries: 4 items ( 1.40%) ( 3547 points) Valuables value: (no points given unless you survive) Artifact value: 0 ( 0 points) Variety of kills: 16 monsters ( 4.20%) ( 6147 points) Turncount: 1542 turns ( 0 points) Survival: died (score multiplied by 80%) Total score: 30813 Latest messages: s - a crude dagger (in quiver). You have a little trouble lifting f - a spellbook of remove curse. Your movements are slowed slightly because of your load. You kill the gnome! Qwerty eats a gnome corpse. You see here a dagger. You have a little trouble lifting I - a dagger. The bugbear gets angry! The crude dagger hits the bugbear. The bugbear misses. The bugbear hits! You miss the bugbear. The bugbear hits! You miss the bugbear. You hit the bugbear! Qwerty misses the bugbear. The bugbear hits! Qwerty bites the bugbear. The bugbear hits! You die... Final status: Goodbye Beryl the Priest, killed by a bugbear... You died in The Gnomish Mines on dungeon level 5 with 30813 points, and 395 pieces of gold, after 1542 moves. You were level 5 with a maximum of 36 hit points when you died.